 Dungeon Crawl Stone Soup version 0.31-a0-152-g6aa68a64a1 (webtiles) character file.

Game seed: 3846509101877304000

6673 qw the Skirmisher (level 10, -1/87 (91) HPs)
             Began as a Minotaur Hunter on June 9, 2023.
             Was an Elder of Okawaru.
             Killed from afar by an efreet (6 damage)
             ... with a bolt of fire
             ... on level 9 of the Dungeon.
             The game lasted 00:03:08 (6291 turns).

qw the Skirmisher (Minotaur Hunter)                 Turns: 6291, Time: 00:03:08

HP:   -1/87 (91)    AC:  8    Str: 17    XL:     10   Next: 73%
MP:   11/12         EV: 20    Int:  6    God:    Okawaru [****..]
Gold: 373           SH:  0    Dex: 23    Spells: 9/9 levels left

rFire   + . .        e - +0 shortbow (heavy)
rCold   + . .        (shield currently unavailable)
rNeg    . . .        c - +3 ring mail {rC+}
rPois   .            (helmet restricted)
rElec   .            k - +0 cloak
rCorr   .            (no gloves)
SInv    .            g - +0 pair of boots
Will    .....        f - amulet of regeneration
Stlth   +++          q - ring of protection from fire
HPRegen 1.14/turn    d - +6 ring of dexterity
MPRegen 0.13/turn

%: no passive effects
@: about to teleport, heroic, corroded, lightly drained
A: horns 2, retaliatory headbutt
a: Renounce Religion, Heroism, Finesse


You were on level 9 of the Dungeon.
You worshipped Okawaru.
Okawaru was greatly pleased with you.
You visited 2 branches of the dungeon, and saw 10 of its levels.
You also visited: Ossuary.

You collected 373 gold pieces.


Innate Abilities, Weirdness & Mutations

You have a pair of horns on your head.
You reflexively headbutt those who attack you in melee.


   Skills:
 - Level 9.0(14.0) Fighting
 + Level 13.8(18.8) Ranged Weapons
 - Level 4.0(9.0) Armour
 - Level 7.1(12.1) Dodging
 - Level 0.7(5.7) Stealth
 + Level 4.2 Invocations


You had 9 spell levels left.
You didn't know any spells.
Your spell library was empty.

Inventory:

Hand Weapons
 e - a +0 heavy shortbow (weapon)
Armour
 c - a +3 ring mail of cold resistance (worn)
 g - a +0 pair of boots (worn)
 k - a +0 cloak (worn)
Jewellery
 d - a +6 ring of dexterity (right hand)
 f - an amulet of regeneration (around neck)
 q - a ring of protection from fire (left hand)
Scrolls
 h - 3 scrolls of identify
 l - 3 scrolls of brand weapon
 n - 4 scrolls of teleportation
Potions
 i - 2 potions of curing
 j - 2 potions of resistance
 o - a potion of might

Dungeon Overview and Level Annotations

Branches:
Dungeon (9/15)             Temple (1/1) D:4         Ossuary (visited)
   Lair: D:8-11         Orc: D:9-12

Altars:
Dithmenos
Gozag
Hepliaklqana
Makhleb
Okawaru
Ru
Sif Muna
Trog
Uskayaw
Wu Jian
Xom
Yredelemnul

Shops:
D:6 *


Message History

The howler monkey hits you but does no damage.
You shoot an arrow. The arrow hits the howler monkey!
The howler monkey is almost dead.
A howler monkey comes into view.
The wight barely misses you.
The efreet hits you with a +3 scimitar of flaming!
The efreet burns you. The wight closely misses you. You furiously retaliate!
You headbutt the wight! The howler monkey misses you.
You shoot an arrow.
The arrow barely misses the howler monkey.
The howler monkey completely misses you.
You furiously retaliate!
You headbutt the howler monkey!
You kill the howler monkey!
Okawaru accepts your kill.
The wight hits you with a +0 long sword!
You feel drained.
A wight comes into view. It is wielding a +4 mace of freezing.
The wight completely misses you. The efreet closely misses you.
You shoot an arrow. The arrow hits the wight!
You destroy the wight!
Okawaru accepts your kill. The wight closely misses you.
The acid dragon spits acid at you. The splash of acid hits you!!
The efreet hits you with a +3 scimitar of flaming.
6290 ||| READING 5 scrolls of teleportation.
As you read the scroll of teleportation, it crumbles to dust.
You feel strangely unstable.
The wight hits you from afar with a +0 spear.
You feel drained. The acid dragon closely misses you. You furiously retaliate!
You headbutt the acid dragon! The acid dragon claws you.
The efreet completely misses you. The howler monkey misses you.
6291 ||| DRINKING potion of heal wounds.
You feel much better. The wight barely misses you.
The acid dragon spits acid at you. The splash of acid hits you!!
The acid corrodes you! The efreet gestures at you. The bolt of fire hits you.
You resist.
You die...

#.#######..#######
#................#
#.############...#
#.##### #####
#....(## #####..#
##.# . #.###...#
#@R...# #.hD####
#zz#.# .).. ..
....# .## ##### #.
. ..


You could see an efreet, an acid dragon (catching breath), a howler monkey and 2
wights.

Vanquished Creatures
  A cyclops (D:9)
  A hornet (D:8)
  2 steam dragons
  A vampire (D:9)
  4 yaks (D:9)
  4 vampire mosquitoes
  2 water moccasins
  4 orc warriors
  3 ice beasts
  2 black bears
  An ogre (D:7)
  3 centaurs (D:7)
  2 phantoms
  3 bullfrogs
  A kobold brigand (D:7)
  A gnoll sergeant (D:7)
  11 scorpions (Ossuary)
  A water moccasin zombie (D:5)
  5 wights
  7 killer bees
  4 howler monkeys
  4 centaur zombies (Ossuary)
  3 human zombies (Ossuary)
  2 bullfrog zombies (D:5)
  3 hounds (D:6)
  2 orc priests
  A gnoll bouda (D:5)
  3 jellies
  Natasha (thrice) (D:3)
  3 iguanas
  3 sleepcaps
  4 scorpion zombies
  5 orc wizards
  Terence (D:2)
  3 mummies (Ossuary)
  A howler monkey zombie (D:5)
  17 gnolls
  6 adders
  2 white imps
  3 dart slugs
  23 orcs
  7 bats
  5 endoplasms
  A giant cockroach (D:4)
  7 goblins
  10 hobgoblins
  6 jackals
  2 quokkas (D:2)
  11 ball pythons
  A frilled lizard (D:1)
  A gnoll zombie (Ossuary)
  4 hobgoblin zombies (Ossuary)
  14 kobolds
  3 kobold zombies (Ossuary)
  An orc zombie (Ossuary)
  A quokka zombie (D:5)
  3 rats
  A rat zombie (D:5)
233 creatures vanquished.

Notes
Turn   | Place    | Note
-------+----------+-------------------------------------------
     0 | D:1      | qw the Minotaur Hunter began the quest for the Orb.
     0 | D:1      | Reached XP level 1. HP: 18/18 MP: 0/0
     0 | D:1      | 0 ||| qw: Version: 0.2-a-122-gbc61b45
     0 | D:1      | 0 ||| qw: Game counter: 3295
     0 | D:1      | 0 ||| qw: Always use a shield: true
     0 | D:1      | 0 ||| qw: God list: Okawaru
     0 | D:1      | 0 ||| qw: Allow faded altars: false
     0 | D:1      | 0 ||| qw: Do Orc after D:15 true
     0 | D:1      | 0 ||| qw: Do second Lair branch before Depths: true
     0 | D:1      | 0 ||| qw: Lair rune preference: random
     0 | D:1      | 0 ||| qw: Plans: Normal
     0 | D:1      | 0 ||| PLANNING D:1-11
    59 | D:1      | Reached XP level 2. HP: 18/25 MP: 1/1
   156 | D:1      | Reached skill level 5 in Ranged Weapons
   287 | D:1      | Reached skill level 3 in Fighting
   657 | D:1      | 657 ||| DROPPING scarf of invisibility.
   658 | D:1      | 658 ||| UPGRADING to +0 pair of boots.
   663 | D:1      | 663 ||| READING scroll labelled EGGULO DECK.
   664 | D:1      | 664 ||| READING 3 scrolls labelled YNIELI BESOR.
   665 | D:1      | 665 ||| READING scroll labelled HALLUA UNAHAOM.
   666 | D:1      | 666 ||| DRINKING 2 fizzy clear potions.
   667 | D:1      | 667 ||| READING 2 scrolls of identify.
   667 | D:1      | 667 ||| IDENTIFYING metallic black potion
   668 | D:1      | 668 ||| DROPPING scroll of butterflies.
   669 | D:1      | 669 ||| DROPPING potion of enlightenment.
   723 | D:2      | Reached XP level 3. HP: 31/31 MP: 2/2
   881 | D:2      | Noticed Terence
   889 | D:2      | Killed Terence
   890 | D:2      | Reached skill level 6 in Ranged Weapons
   890 | D:2      | Reached XP level 4. HP: 20/38 MP: 3/3
  1051 | D:2      | Reached skill level 1 in Armour
  1275 | D:2      | 1275 ||| UPGRADING to +0 ring mail.
  1285 | D:2      | 1285 ||| DROPPING +0 leather armour.
  1286 | D:2      | 1286 ||| UPGRADING to amulet of regeneration.
  1291 | D:2      | 1291 ||| READING scroll labelled IFUGAG GAHE.
  1292 | D:2      | 1292 ||| READING 2 scrolls of identify.
  1292 | D:2      | 1292 ||| IDENTIFYING coppery potion
  1468 | D:3      | Reached XP level 5. HP: 44/46 MP: 4/4
  1788 | D:3      | Reached skill level 7 in Ranged Weapons
  1817 | D:3      | Noticed Natasha
  1820 | D:3      | Killed Natasha
  1890 | D:3      | Noticed Natasha
  1896 | D:3      | Killed Natasha
  1897 | D:3      | Reached XP level 6. HP: 52/52 MP: 5/5
  1914 | D:3      | Noticed Natasha
  1923 | D:3      | Killed Natasha
  2042 | D:3      | 2042 ||| UPGRADING to +0 cloak.
  2047 | D:3      | 2047 ||| READING scroll labelled QEICWU DEIRRYD.
  2048 | D:3      | 2048 ||| READING scroll labelled ZIRUD KAES DIOJI.
  2049 | D:3      | 2049 ||| READING 3 scrolls of identify.
  2049 | D:3      | 2049 ||| IDENTIFYING fuming yellow potion
  2050 | D:3      | 2050 ||| DROPPING potion of lignification.
  2080 | D:4      | 2080 ||| FLEEEEING.
  2081 | D:4      | 2081 ||| FLEEEEING.
  2082 | D:4      | 2082 ||| FLEEEEING.
  2085 | D:4      | 2085 ||| FLEEEEING.
  2086 | D:4      | 2086 ||| FLEEEEING.
  2087 | D:4      | 2087 ||| FLEEEEING.
  2088 | D:4      | 2088 ||| FLEEEEING.
  2092 | D:4      | 2092 ||| STAIRDANCE
  2252 | D:4      | Found a bloodstained altar of Trog.
  2324 | D:4      | Reached skill level 8 in Ranged Weapons
  2361 | D:4      | Found a staircase to the Ecumenical Temple.
  2362 | D:4      | 2362 ||| PLANNING TEMPLE
  2362 | D:4      | 2362 ||| UPGRADING to +3 ring mail of cold resistance.
  2372 | D:4      | 2372 ||| DROPPING +0 ring mail.
  2381 | Temple   | Entered the Ecumenical Temple
  2390 | Temple   | 2390 ||| PLANNING OKAWARU WORSHIP
  2504 | Temple   | Became a worshipper of Warmaster Okawaru
  2504 | Temple   | 2504 ||| PLANNING D:1-11
  2746 | D:4      | Reached XP level 7. HP: 61/61 MP: 6/6
  3005 | D:5      | Entered Level 5 of the Dungeon
  3006 | D:5      | 3006 ||| PLANNING OSSUARY
  3156 | D:5      | Found a sacrificial altar of Ru.
  3203 | D:5      | Reached skill level 9 in Ranged Weapons
  3291 | D:5      | Reached skill level 3 in Dodging
  3346 | D:5      | Reached * piety under Okawaru
  3347 | D:5      | Reached skill level 6 in Fighting
  3411 | D:5      | Found a sand-covered staircase.
  3412 | D:5      | 3412 ||| READING 3 scrolls of identify.
  3412 | D:5      | 3412 ||| IDENTIFYING viscous blue potion
  3413 | D:5      | 3413 ||| DROPPING potion of brilliance.
  3423 | Ossuary  | Entered an ossuary
  3436 | Ossuary  | Reached XP level 8. HP: 71/71 MP: 7/7
  3464 | Ossuary  | Reached skill level 1 in Invocations
  3585 | Ossuary  | Reached skill level 3 in Invocations
  3617 | Ossuary  | Reached ** piety under Okawaru
  3618 | Ossuary  | Reached skill level 10 in Ranged Weapons
  3646 | Ossuary  | Reached skill level 3 in Armour
  3654 | Ossuary  | 3654 ||| INVOKING Heroism.
  3723 | Ossuary  | Reached XP level 9. HP: 79/79 MP: 11/11
  3747 | Ossuary  | 3747 ||| UPGRADING to ring of protection from fire.
  3748 | Ossuary  | 3748 ||| READING 4 scrolls labelled ITUJOPP EWUPLUOCHU.
  3751 | Ossuary  | 3751 ||| READING scroll labelled ZUMIYP ATAG.
  3752 | Ossuary  | 3752 ||| READING scroll labelled HYSO KYKLEKA.
  3753 | Ossuary  | 3753 ||| DRINKING 3 fuming green potions.
  3754 | Ossuary  | 3754 ||| DRINKING 2 cyan potions.
  3755 | Ossuary  | 3755 ||| DRINKING 2 potions of curing.
  3755 | Ossuary  | 3755 ||| (to cure confusion)
  3756 | Ossuary  | 3756 ||| DRINKING 2 fuming orange potions.
  3757 | Ossuary  | 3757 ||| READING 4 scrolls of identify.
  3757 | Ossuary  | 3757 ||| IDENTIFYING sapphire potion
  3758 | Ossuary  | 3758 ||| READING 3 scrolls of identify.
  3758 | Ossuary  | 3758 ||| IDENTIFYING amethyst potion
  3759 | Ossuary  | 3759 ||| DROPPING 2 potions of attraction.
  3760 | Ossuary  | 3760 ||| DROPPING potion of ambrosia.
  3761 | Ossuary  | 3761 ||| DROPPING potion of invisibility.
  3793 | D:5      | 3793 ||| PLANNING D:1-11
  4078 | D:5      | 4078 ||| INVOKING Heroism.
  4204 | D:6      | 4204 ||| INVOKING Heroism.
  4212 | D:6      | Reached skill level 11 in Ranged Weapons
  4231 | D:6      | Found Huhawips's General Store.
  4311 | D:6      | 4311 ||| INVOKING Heroism.
  4566 | D:6      | 4566 ||| INVOKING Heroism.
  4885 | D:6      | 4885 ||| READING scroll labelled GITOGU ALANOQ.
  4886 | D:6      | 4886 ||| READING scroll labelled VECULE WOENGE.
  4903 | D:7      | Reached skill level 12 in Ranged Weapons
  4909 | D:7      | 4909 ||| STAIRDANCE
  4934 | D:7      | 4934 ||| STAIRDANCE
  5027 | D:7      | Reached *** piety under Okawaru
  5062 | D:7      | 5062 ||| INVOKING Heroism.
  5123 | D:7      | 5123 ||| INVOKING Heroism.
  5276 | D:7      | 5276 ||| INVOKING Heroism.
  5280 | D:7      | Reached XP level 10. HP: 82/88 MP: 9/12
  5533 | D:7      | 5533 ||| DROPPING +6 ring of intelligence.
  5550 | D:8      | 5550 ||| INVOKING Heroism.
  5564 | D:8      | 5564 ||| STAIRDANCE
  5569 | D:7      | Reached skill level 13 in Ranged Weapons
  5573 | D:7      | 5573 ||| INVOKING Heroism.
  5624 | D:8      | Reached skill level 9 in Fighting
  6054 | D:8      | 6054 ||| INVOKING Heroism.
  6134 | D:8      | 6134 ||| DROPPING ring of fire.
  6135 | D:8      | 6135 ||| UPGRADING to +6 ring of dexterity.
  6169 | D:9      | 6169 ||| INVOKING Heroism.
  6185 | D:9      | Noticed a cyclops
  6191 | D:9      | 6191 ||| INVOKING Heroism.
  6194 | D:9      | Killed a cyclops
  6195 | D:9      | Reached skill level 6 in Dodging
  6280 | D:9      | 6280 ||| INVOKING Heroism.
  6286 | D:9      | Reached **** piety under Okawaru
  6289 | D:9      | HP: 13/89 [acid dragon/splash of acid (35)]
  6290 | D:9      | 6290 ||| READING 5 scrolls of teleportation.
  6291 | D:9      | 6291 ||| DRINKING potion of heal wounds.
  6291 | D:9      | HP: 5/87 [acid dragon/splash of acid (28)]
  6291 | D:9      | Killed from afar by an efreet

Levels and vault maps discovered:
D:1:      moated_graveyard_arrival, layout_loops_ring, feat_on_display
D:2:      layout_basic, uniq_terence
D:3:      kennysheep_big_flooded_room, layout_loops_corners, uniq_natasha
D:4:      layout_cave_pods, mainiacjoe_overflow_brackets, temple_fountains
D:5:      layout_basic, nicolae_ru_awakened_eye, enter_ossuary_4, serial_undead,
          serial_undead_e, serial_undead_e, serial_undead_a, serial_undead_b,
          nicolae_titane
D:6:      layout_loops_ring, serial_shops, nicolae_square_shop,
          chequers_serial_rivers_large_a
D:7:      layout_basic
D:8:      layout_basic, hangedman_decor_lopped
D:9:      minmay_chopped_fan, layout_rooms, nemelex_diamond_rough_becter,
          erik_orc_1, minmay_misc_feat_ornament, minmay_misc_feat_square
Temple:   hellmonk_temple_beads

Skill      XL: |  1  2  3  4  5  6  7  8  9 10 |
---------------+-------------------------------+-----
Ranged Weapons | 5 6 7 8 9 10 12 13 | 13.8
Fighting       | 3 4 5 6 7 8 9 |  9.0
Armour         | 1 2 3 4 |  4.0
Dodging        | 3 5 7 |  7.1
Invocations    | 4 |  4.2
Stealth        | |  0.7

Action                     |  1- 3 |  4- 6 |  7- 9 | 10-12 || total
---------------------------+-------+-------+-------+-------++-------
   Fire: Shortbow          |    92 |   126 |   357 |    99 ||   674
 Invoke: Heroism           |       |       |     8 |     6 ||    14
    Use: Scroll            |     4 |     5 |     8 |     1 ||    18
         Potion            |     1 |       |     4 |     1 ||     6
 Armour: Leather armour    |    18 |     3 |       |       ||    21
         Ring mail         |       |    18 |   122 |    31 ||   171
  Dodge: Dodged            |    38 |    25 |   174 |   101 ||   338

Table legend:
 A = Non-vault XP
 B = Vault XP
 C = Vault XP percentage of total XP
 D = Non-vault monster count
 E = Vault monster count
 F = Vault count percentage of total count
                 A         B        C        D         E       F
            +---------+---------+-------+---------+---------+-------
      Total |    6927 |    2607 |  27.3 |     185 |      48 |  20.6
            +---------+---------+-------+---------+---------+-------
        D:1 |      40 |       0 |   0.0 |      28 |       0 |   0.0
        D:2 |      53 |      32 |  37.6 |      20 |       1 |   4.8
        D:3 |     264 |      41 |  13.4 |      19 |       3 |  13.6
        D:4 |     342 |       0 |   0.0 |      21 |       0 |   0.0
        D:5 |     739 |     223 |  23.2 |      22 |       7 |  24.1
        D:6 |     978 |       0 |   0.0 |      24 |       0 |   0.0
        D:7 |    1931 |       0 |   0.0 |      32 |       0 |   0.0
        D:8 |    1622 |       0 |   0.0 |      13 |       0 |   0.0
        D:9 |     958 |     891 |  48.2 |       6 |       4 |  40.0
    Ossuary |       0 |    1420 | 100.0 |       0 |      33 | 100.0
            +---------+---------+-------+---------+---------+-------
